Map: Selva profunda EE

Players

MrFercho

  • Race: Zerg Zerg
  • League: Gold
  • Spawn Location: 7:00

TATORREA

  • Race: Protoss Protoss
  • League: Gold
  • Spawn Location: 7:00

tigro

  • Race: Terran Terran
  • League: Bronze
  • Spawn Location: 7:00

LimYoHwan

  • Race: Terran Terran
  • League: Diamond
  • Spawn Location: 1:00

shifT

  • Race: Protoss Protoss
  • Spawn Location: 1:00

Spoogymonkey

  • Race: Protoss Protoss
  • Spawn Location: 3:00

VOD

Have the link to the VOD?

Description

Time

  • Played on: Aug. 9, 2020, 7:56 p.m.
  • Length: 17:23
Show
View Real Time Build Order
Export as new Build Order

MrFercho Zerg 

Build Orders: Hatch First, Lurkers 

Get SALT Encoding   

  12  0:01  Drone  
  13  0:15  Overlord  
  13  0:22  Drone  
  14  0:34  Drone x2  
  16  0:53  Hatchery  
  16  0:54  Drone  
  16  0:58  Drone  
  16  1:04  Drone  
  18  1:15  Extractor  
  17  1:21  Spawning Pool  
  17  1:22  Drone  
  17  1:24  Drone  
  18  1:31  Drone  
  19  1:46  Drone  
  20  1:53  Overlord  
  20  2:04  Drone  
  20  2:07  Drone  
  20  2:08  Queen x2  
  26  2:15  Zergling x2  
  26  2:17  Zergling x2  
  28  2:29  Drone x2  
  30  2:38  Zergling x4  
  32  2:50  Drone x2  
  34  3:04  Overlord  
  34  3:05  Drone  
  35  3:24  Zergling x8  
  39  3:32  Spine Crawler  
  33  3:55  Zergling x12  
  39  4:04  Drone x3  
  39  4:06  Overlord  
  39  4:09  Metabolic Boost  
  42  4:11  Lair  
  42  4:23  Zergling x2  
  43  4:25  Drone x2  
  45  4:48  Drone x6  
  45  4:49  Overlord  
  51  5:03  Overlord  
  51  5:07  Queen  
  51  5:12  Drone  
  51  5:13  Drone x5  
  59  5:16  Roach Warren  
  59  5:18  Extractor  
  59  5:20  Extractor, Zergling x2  
  59  5:21  Zergling x2  
  58  5:35  Zergling x2  
  58  5:36  Zergling x8  
  63  5:54  Zergling x4  
  63  5:55  Zergling x4  
  67  6:08  Overlord x4  
  67  6:42  Zergling x18  
  76  6:52  Roach x4  
  64  7:02  Hatchery  
  64  7:05  Roach x5  
  73  7:12  Glial Reconstitution  
  70  7:17  Evolution Chamber, Roach x2  
  70  7:18  Roach x3  
  78  7:28  Roach  
  78  7:34  Spore Crawler  
  74  7:47  Spore Crawler  
  74  7:48  Zerg Missile Weapons Level 1  
  74  7:50  Roach  
  74  7:51  Roach x7  
  50  8:49  Zergling x8  
  50  8:50  Zergling x20  
  64  9:14  Hydralisk Den  
  63  9:23  Extractor  
  62  9:25  Drone  
  62  9:26  Drone x5  
  62  10:20  Hatchery, Hydralisk x5  
  62  10:21  Hydralisk x13  
  63  10:23  Extractor  
  63  10:27  Grooved Spines  
  74  10:35  Lurker Den  
  71  10:41  Infestation Pit  
  70  10:52  Zerg Missile Weapons Level 2  
  70  10:55  Drone  
  71  10:57  Drone x3  
  74  11:09  Drone x2  
  76  11:38  Muscular Augments  
  76  11:39  Hive  
  76  11:46  Queen, Overlord  
  76  11:47  Overlord  
  78  11:49  Extractor, Hatchery  
  78  11:52  Extractor  
  75  12:12  Spire  
  74  12:17  Lurker x5  
  79  12:39  Pneumatized Carapace  
  79  12:43  Queen  
  81  13:05  Hydralisk x11  
  58  13:06  Hydralisk x8  
  90  13:27  Zerg Missile Weapons Level 3  
  90  13:30  Corruptor  
  92  13:40  Zerg Flyer Weapons Level 1  
  90  14:46  Corruptor x7  
  100  15:04  Corruptor  
  100  15:05  Corruptor  
  100  15:09  Drone x7  
  100  15:10  Drone x5  
  102  15:45  Corruptor x4  
  72  16:08  Hydralisk x4  
  72  16:10  Hydralisk  
  70  16:21  Corruptor  
  70  16:23  Overlord  
  72  16:41  Corruptor x2  
Show
View Real Time Build Order
Export as new Build Order

TATORREA Protoss 

Build Orders:  

Get SALT Encoding   

  12  0:03  Probe  
  13  0:15  Probe  
  14  0:26  Pylon  
  14  0:28  Probe  
  15  0:44  Probe  
  16  0:50  Gateway  
  16  0:56  Probe  
  17  1:08  Probe  
  18  1:20  Probe  
  19  1:27  Gateway  
  19  1:33  Probe  
  20  1:41  Assimilator  
  20  1:43  Pylon, Cybernetics Core  
  20  1:46  Pylon, Probe  
  20  1:55  Assimilator  
  20  1:58  Probe  
  21  2:10  Probe  
  22  2:23  Probe  
  22  2:24  Gateway  
  22  2:26  Stalker (Chrono Boost), Gateway  
  25  2:32  Stalker (Chrono Boost)  
  27  2:43  Warp Gate  
  27  3:07  Nexus  
  27  3:13  Pylon  
  27  3:31  Stalker x2 (Chrono Boost)  
  31  4:30  Probe  
  32  4:34  Probe  
  33  4:42  Probe  
  34  4:46  Probe  
  34  4:48  Stalker  
  34  4:49  Stalker x3  
  43  4:54  Probe  
  43  4:58  Probe  
  45  5:06  Probe  
  46  5:10  Probe  
  47  5:18  Probe  
  48  5:21  Twilight Council  
  48  5:22  Probe  
  48  5:24  Robotics Facility  
  48  5:27  Robotics Facility  
  49  5:29  Forge  
  49  5:30  Forge, Probe  
  49  5:31  Forge  
  49  5:34  Probe  
  51  5:39  Stalker  
  53  5:43  Probe  
  53  5:46  Assimilator  
  54  5:51  Assimilator, Probe  
  54  5:55  Probe  
  56  5:58  Stalker  
  56  5:59  Stalker  
  56  6:03  Probe  
  47  7:01  Stalker x4  
  43  7:05  Immortal x2  
  57  7:09  Probe x2  
  59  7:21  Probe, Blink  
  59  7:22  Probe  
  59  7:33  Probe  
  60  7:43  Stalker x2, Nexus  
  62  7:45  Pylon  
  62  7:47  Pylon  
  62  7:48  Pylon  
  62  7:52  Pylon x2  
  62  8:03  Immortal x2  
  70  8:08  Stalker  
  70  8:09  Stalker x3  
  76  8:33  Probe x2  
  76  8:36  Stalker x3  
  82  8:43  Protoss Ground Armor Level 1 (Chrono Boost), Assimilator, Protoss Ground Weapons Level 1 (Chrono Boost)  
  82  8:44  Assimilator  
  82  8:45  Probe  
  82  8:46  Probe  
  84  8:56  Probe  
  84  8:57  Probe  
  84  8:58  Probe  
  87  9:06  Observer  
  87  9:07  Immortal  
  87  9:08  Probe  
  94  9:10  Probe  
  94  9:28  Probe x3  
  97  9:40  Probe x2  
  99  9:50  Nexus  
  99  9:52  Pylon  
  99  9:54  Pylon  
  99  9:56  Probe x3  
  99  9:58  Protoss Shields Level 1 (Chrono Boost)  
  102  10:01  Gateway  
  102  10:03  Gateway  
  102  10:06  Immortal  
  106  10:08  Probe x3  
  106  10:12  Immortal  
  97  10:37  Stalker x2  
  97  10:38  Stalker x2  
  99  11:03  Stalker  
  99  11:04  Stalker x4  
  103  11:05  Stalker  
  103  11:06  Probe x3  
  103  11:07  Probe  
  115  11:17  Gateway  
  116  11:18  Probe x3  
  116  11:19  Probe  
  116  11:20  Gateway  
  116  11:22  Gateway  
  116  11:25  Gateway  
  119  11:26  Charge  
  119  11:27  Gateway  
  119  11:35  Stalker x5  
  119  11:38  Templar Archives  
  119  11:39  Stalker  
  131  11:40  Protoss Ground Weapons Level 2 (Chrono Boost)  
  131  11:42  Protoss Ground Armor Level 2 (Chrono Boost)  
  131  11:53  Probe x4  
  135  12:03  Assimilator x2  
  135  12:04  Stalker x3  
  135  12:05  Stalker, Probe x4  
  147  12:16  Pylon  
  147  12:19  Pylon  
  147  12:21  Pylon  
  147  12:34  Pylon  
  147  12:36  Pylon  
  147  12:39  High Templar x2, Nexus  
  147  12:40  High Templar x4  
  147  12:41  High Templar x3  
  147  12:42  Pylon  
  147  12:44  Pylon  
  142  12:52  Archon x3  
  142  12:53  Archon  
  108  13:42  Probe x2  
  110  13:53  Stalker  
  110  13:54  Stalker x3, Probe x2  
  110  13:55  Stalker x3  
  126  13:56  Stalker x3  
  126  13:57  Stalker  
  134  14:54  Probe x2  
  34  15:34  Nexus  
  34  15:35  Probe (Chrono Boost)  
  34  15:36  Probe (Chrono Boost)  
  34  15:39  Nexus  
  34  15:42  Pylon  
  36  15:46  Pylon  
  36  15:47  Probe x2 (Chrono Boost)  
  36  15:48  Assimilator  
  38  15:51  Stalker x3, Probe x2 (Chrono Boost)  
  38  15:52  Stalker x2  
  50  15:57  Assimilator  
  50  16:02  Probe x2  
  52  16:14  Probe (Chrono Boost)  
  52  16:15  Probe (Chrono Boost)  
  56  16:25  Probe (Chrono Boost)  
  56  16:26  Probe (Chrono Boost), High Templar  
  56  16:27  High Templar x4  
  66  16:39  Archon x2  
  66  16:47  Probe x3  
  69  16:54  High Templar  
  69  16:55  High Templar x4  
  69  16:59  Probe x2, Archon  
  69  17:00  Probe  
  82  17:06  Archon  
  82  17:08  Archon  
  82  17:11  Probe  
Show
View Real Time Build Order
Export as new Build Order

tigro Terran 

Build Orders:  

Get SALT Encoding   

  12  0:14  SCV  
  13  0:22  Supply Depot  
  13  0:26  SCV  
  14  0:38  SCV  
  15  0:48  Barracks  
  15  0:51  SCV  
  16  1:01  Refinery  
  16  1:03  SCV  
  17  1:25  Refinery  
  17  1:37  Marine  
  17  1:38  Supply Depot  
  18  1:55  Marine  
  19  2:09  SCV  
  19  2:11  Factory  
  19  2:13  Marine  
  21  2:17  Engineering Bay  
  21  2:21  SCV  
  22  2:31  Marine  
  22  2:33  SCV  
  24  2:45  SCV  
  24  2:49  Marine  
  26  2:54  Factory Tech Lab  
  26  2:57  SCV  
  27  3:09  Starport, SCV  
  28  3:15  Siege Tank  
  31  3:27  Barracks Tech Lab  
  31  3:32  Orbital Command  
  31  4:27  Marine, Siege Tank  
  35  4:44  Marine  
  36  4:56  Medivac  
  36  4:58  Stimpack  
  38  5:02  Marine, Terran Infantry Weapons Level 1  
  39  5:14  Barracks  
  39  5:29  Marine, Starport Tech Lab  
  40  5:47  Marine  
  41  6:07  Barracks Reactor  
  41  6:19  Command Center  
  41  6:32  Marine  
  41  6:37  Combat Shield  
  42  6:50  Marine  
  43  6:55  Marine x2  
  43  6:56  Terran Infantry Armor Level 1  
  45  7:08  Marine  
  45  7:13  Marine x2  
  46  7:17  Medivac  
  39  7:26  Marine  
  39  7:30  Marine  
  39  7:31  Marine  
  41  7:44  Marine  
  39  7:47  Medivac  
  39  7:48  Marine  
  39  7:49  Marine  
  44  7:53  Refinery  
  44  7:54  SCV  
  45  8:01  Marine, Missile Turret  
  46  8:06  SCV  
  47  8:18  SCV  
  48  8:22  Missile Turret  
  48  8:30  SCV  
  48  8:42  SCV  
  48  8:45  Missile Turret  
  49  8:50  Neosteel Armor  
  49  9:00  Fusion Core  
  49  9:02  Marine x3  
  50  9:07  Armory  
  52  9:10  Supply Depot  
  52  9:16  SCV  
  53  9:20  Marine x3  
  56  9:24  Refinery  
  56  9:28  SCV, Missile Turret  
  57  9:34  Supply Depot  
  57  9:37  Medivac  
  57  9:38  Marine x3  
  60  9:40  SCV  
  63  9:52  Weapon Refit  
  63  9:53  SCV  
  63  9:55  Marine  
  63  9:56  Marine x2  
  63  9:58  Supply Depot  
  67  10:05  SCV  
  74  10:07  Battlecruiser  
  74  10:14  Marine  
  75  10:30  Hi-Sec Auto Tracking  
  71  11:11  Battlecruiser  
  77  11:32  Rapid Reignition System  
  45  12:14  Thor  
  51  12:16  Battlecruiser  
  51  12:18  Marine x3  
  60  12:31  Starport  
  60  12:36  Marine x3  
  63  12:54  Marine x3  
  63  12:56  Planetary Fortress  
  63  12:57  Thor  
  72  13:11  Marine, Starport Tech Lab  
  72  13:12  Marine x2  
  72  13:20  Battlecruiser  
  78  13:29  Marine  
  71  13:40  Thor  
  76  13:53  Battlecruiser  
  76  13:55  Marine x3  
  76  14:13  Marine x3  
  67  14:23  Thor  
  73  14:30  Marine  
  73  14:31  Marine x2  
  66  14:48  Marine x3  
  69  14:57  Battlecruiser  
  69  15:06  Marine  
  70  15:15  Marine x2  
  72  15:24  Marine  
  73  15:32  Marine  
  73  15:33  Marine  
  75  15:42  Marine  
  76  15:50  Marine  
  76  15:51  Marine  
  66  16:00  Marine  
  52  16:08  Marine x2  
  53  16:17  Marine  
  54  16:20  Command Center  
  43  16:26  Marine x2  
  45  16:35  Marine  
  45  16:44  Marine x2  
  47  16:53  Marine  
  48  17:02  Marine x2  
Show
View Real Time Build Order
Export as new Build Order

LimYoHwan Terran 

Build Orders:  

Get SALT Encoding   

  12  0:00  SCV  
  13  0:12  SCV  
  14  0:17  Supply Depot  
  14  0:24  SCV  
  15  0:39  Barracks  
  15  0:42  Refinery  
  15  0:49  SCV  
  16  1:01  SCV  
  17  1:07  Refinery  
  17  1:13  SCV  
  18  1:27  Orbital Command  
  18  1:38  Factory  
  18  1:52  SCV  
  19  1:57  Supply Depot  
  19  2:05  SCV  
  20  2:17  SCV  
  21  2:37  SCV  
  21  2:43  Starport  
  22  2:48  Starport  
  22  2:50  Command Center  
  22  2:53  SCV  
  23  3:05  SCV  
  24  3:17  SCV  
  25  3:21  Starport Tech Lab  
  25  3:26  Fusion Core  
  25  3:32  Starport Tech Lab  
  25  3:33  SCV  
  26  3:41  Starport  
  26  3:45  SCV  
  25  3:57  SCV  
  25  4:01  Orbital Command  
  27  4:10  SCV  
  27  4:21  Starport  
  27  4:22  SCV  
  28  4:34  SCV  
  29  4:42  SCV  
  30  4:47  SCV  
  30  4:50  Starport  
  30  4:51  Starport  
  31  4:54  SCV  
  31  4:59  Supply Depot, SCV  
  33  5:00  Starport Tech Lab  
  33  5:06  SCV  
  34  5:09  Weapon Refit  
  34  5:11  SCV  
  35  5:18  SCV  
  36  5:23  SCV  
  36  5:24  Battlecruiser  
  36  5:27  Starport Tech Lab  
  43  5:31  Refinery x2, SCV  
  43  5:33  Starport Tech Lab  
  43  5:35  SCV  
  45  5:43  SCV  
  45  5:47  SCV  
  47  5:55  SCV  
  48  6:12  Engineering Bay  
  48  6:13  Battlecruiser  
  54  6:25  SCV  
  54  6:27  Command Center  
  54  6:39  SCV  
  54  6:48  SCV  
  54  6:51  SCV  
  49  7:00  SCV  
  50  7:03  Supply Depot x2  
  50  7:04  Supply Depot  
  50  7:07  SCV  
  51  7:13  SCV  
  49  7:19  SCV  
  50  7:25  Battlecruiser x2  
  62  7:49  Battlecruiser  
  68  7:53  SCV x2  
  70  8:05  SCV  
  70  8:06  SCV  
  72  8:17  SCV  
  72  8:18  SCV  
  66  8:29  Battlecruiser  
  66  8:30  SCV x2  
  58  8:42  SCV  
  59  8:53  Battlecruiser  
  65  9:02  SCV x2  
  67  9:14  SCV x2  
  69  9:21  Planetary Fortress  
  69  9:26  SCV x2  
  71  9:38  SCV  
  71  9:39  SCV  
  73  9:50  SCV  
  73  9:51  SCV  
  75  10:03  SCV x2  
  75  10:05  Battlecruiser  
  83  10:15  SCV x2  
  85  10:38  Battlecruiser  
  91  11:13  Supply Depot  
  91  11:14  Supply Depot  
  91  11:15  Supply Depot  
  91  11:28  Command Center  
  91  11:35  Battlecruiser  
  97  11:40  SCV  
  98  11:51  Command Center  
  98  11:53  SCV  
  99  12:05  SCV  
  100  12:13  SCV x2  
  102  12:17  SCV  
  103  12:25  SCV x2  
  103  12:29  SCV  
  106  12:37  SCV  
  106  12:38  SCV  
  106  12:41  SCV  
  109  12:45  Battlecruiser  
  109  12:46  Battlecruiser x2  
  109  12:49  SCV  
  128  13:06  SCV x3  
  131  13:18  SCV x2  
  133  13:50  Battlecruiser  
  133  13:53  Battlecruiser  
  145  14:07  Planetary Fortress  
  145  14:32  Refinery x2  
  145  14:33  SCV x2  
  138  15:17  Command Center  
  127  16:28  SCV x2  
  129  16:35  Command Center  
  129  16:40  SCV x2  
Show
View Real Time Build Order
Export as new Build Order

shifT Protoss 

Build Orders:  

Get SALT Encoding   

  12  0:00  Probe (Chrono Boost)  
  13  0:11  Probe (Chrono Boost)  
  14  0:18  Pylon  
  14  0:20  Probe  
  15  0:36  Probe  
  15  0:38  Gateway  
  16  0:48  Probe  
  16  0:49  Assimilator  
  17  1:00  Probe  
  18  1:14  Probe  
  19  1:25  Cybernetics Core  
  19  1:27  Pylon  
  19  1:29  Probe  
  20  1:45  Nexus  
  20  1:49  Probe  
  21  1:58  Warp Gate (Chrono Boost)  
  21  2:07  Assimilator  
  21  2:10  Probe  
  22  2:18  Stalker  
  22  2:22  Probe  
  25  2:25  Pylon  
  25  2:34  Probe  
  26  2:44  Gateway  
  26  2:47  Gateway  
  26  2:59  Probe (Chrono Boost)  
  26  3:00  Probe (Chrono Boost)  
  28  3:09  Probe x2 (Chrono Boost)  
  30  3:14  Twilight Council  
  30  3:25  Probe x2  
  32  3:37  Forge, Probe  
  33  3:43  Stalker  
  35  3:49  Stalker x2  
  40  3:57  Probe (Chrono Boost)  
  40  4:01  Pylon  
  40  4:04  Protoss Ground Weapons Level 1 (Chrono Boost)  
  40  4:05  Probe (Chrono Boost)  
  40  4:06  Blink (Chrono Boost)  
  40  4:07  Probe (Chrono Boost)  
  42  4:11  Probe  
  42  4:16  Probe  
  44  4:24  Probe  
  45  4:29  Probe  
  46  4:36  Probe  
  47  4:42  Stalker x3  
  53  4:54  Gateway  
  53  4:58  Gateway, Probe x2  
  55  5:03  Assimilator  
  55  5:10  Probe x2  
  57  5:17  Stalker x2  
  61  5:22  Probe  
  62  5:30  Pylon  
  62  5:32  Pylon  
  62  5:50  Stalker x2  
  62  5:51  Stalker x2  
  62  5:53  Stalker  
  72  6:04  Forge  
  72  6:06  Pylon  
  72  6:14  Assimilator  
  72  6:17  Gateway  
  72  6:18  Stalker  
  72  6:19  Stalker x2, Gateway  
  72  6:21  Gateway  
  72  6:23  Gateway  
  78  6:30  Protoss Ground Weapons Level 2 (Chrono Boost)  
  73  6:56  Stalker x2  
  68  7:40  Pylon  
  68  7:54  Stalker  
  68  7:55  Nexus  
  68  7:57  Pylon  
  70  7:59  Pylon  
  70  8:01  Pylon  
  70  8:02  Pylon  
  70  8:03  Pylon  
  70  8:05  Pylon  
  70  8:09  Protoss Shields Level 1 (Chrono Boost)  
  70  8:24  Stalker x6  
  70  8:25  Stalker  
  84  8:27  Stalker  
  78  9:13  Probe (Chrono Boost)  
  78  9:15  Probe (Chrono Boost)  
  81  9:18  Probe (Chrono Boost)  
  81  9:23  Probe (Chrono Boost)  
  83  9:25  Probe (Chrono Boost)  
  83  9:26  Probe (Chrono Boost)  
  83  9:28  Probe (Chrono Boost)  
  85  9:33  Stalker x2  
  85  9:34  Stalker x6  
  85  9:35  Probe  
  85  9:37  Probe  
  103  9:39  Probe  
  104  9:47  Probe  
  104  9:49  Probe  
  104  9:51  Probe  
  107  9:59  Probe  
  108  10:01  Probe  
  108  10:02  Zealot x4  
  108  10:03  Probe, Zealot x4  
  117  10:11  Probe  
  97  10:33  Probe x3 (Chrono Boost)  
  100  10:45  Probe (Chrono Boost)  
  103  10:51  Probe x2 (Chrono Boost)  
  103  10:54  Probe (Chrono Boost)  
  105  10:58  Probe x2 (Chrono Boost)  
  105  10:59  Stalker x5, Probe  
  105  11:00  Stalker x2  
  121  11:04  Protoss Ground Weapons Level 3  
  121  11:09  Probe x2  
  123  11:24  Photon Cannon  
  123  11:25  Photon Cannon  
  123  11:26  Photon Cannon  
  123  11:28  Photon Cannon  
  123  11:30  Photon Cannon  
  123  11:31  Pylon  
  123  11:32  Probe  
  124  11:44  Probe  
  125  11:56  Probe  
  124  12:08  Probe  
  125  12:12  Stalker x5  
  125  12:13  Stalker x2  
  127  13:09  Stalker x7  
  141  13:28  Assimilator  
  141  13:31  Assimilator  
  141  13:47  Protoss Shields Level 2  
  141  13:55  Nexus  
  141  14:01  Gateway  
  141  14:03  Gateway  
  141  14:05  Gateway  
  141  14:06  Gateway  
  135  14:50  Stalker x4  
  135  14:51  Stalker x3  
  83  16:23  Stalker x4  
  83  16:24  Stalker x6  
  83  16:25  Stalker  
  105  16:48  Stalker x3  
  105  16:49  Stalker x5  
  105  16:50  Stalker x3  
Show
View Real Time Build Order
Export as new Build Order

Spoogymonkey Protoss 

Build Orders:  

Get SALT Encoding   

  12  0:30  Pylon  
  12  0:36  Assimilator  
  12  0:39  Probe  
  13  0:51  Probe  
  13  0:56  Gateway  
  14  1:04  Probe  
  15  1:16  Probe  
  16  1:22  Gateway  
  16  1:28  Probe  
  17  1:40  Probe  
  17  1:45  Zealot  
  20  1:49  Cybernetics Core  
  20  1:52  Probe  
  21  2:05  Probe  
  22  2:12  Pylon  
  22  2:20  Probe  
  23  2:28  Warp Gate (Chrono Boost), Zealot x2 (Chrono Boost)  
  27  2:47  Nexus  
  27  2:57  Probe  
  28  2:59  Zealot  
  30  3:07  Pylon  
  30  3:10  Probe  
  31  3:25  Zealot  
  27  3:51  Zealot  
  29  3:57  Pylon  
  29  4:03  Pylon  
  29  4:09  Robotics Facility  
  29  4:10  Probe  
  30  4:19  Gateway  
  30  4:21  Gateway  
  30  4:28  Probe (Chrono Boost)  
  30  4:30  Probe (Chrono Boost)  
  33  4:39  Probe (Chrono Boost)  
  33  4:43  Pylon, Probe x2 (Chrono Boost)  
  35  4:54  Probe  
  35  4:55  Probe  
  35  4:58  Observer  
  38  5:01  Stalker x2  
  42  5:10  Assimilator  
  42  5:15  Robotics Bay  
  42  5:20  Pylon  
  42  5:23  Immortal  
  42  5:27  Stalker  
  42  5:28  Stalker  
  50  5:29  Zealot  
  50  5:33  Probe x2  
  54  5:46  Probe x2  
  56  6:02  Robotics Facility  
  56  6:07  Zealot  
  56  6:08  Zealot x3  
  56  6:10  Probe x2  
  62  6:49  Stalker  
  62  6:51  Zealot x3  
  64  6:55  Colossus  
  66  7:46  Zealot x4  
  66  7:49  Assimilator  
  74  7:55  Assimilator  
  74  7:59  Colossus  
  72  8:21  Zealot x4  
  80  8:27  Nexus  
  80  8:36  Colossus  
  84  9:07  Zealot  
  86  9:13  Pylon  
  86  9:14  Pylon  
  86  9:45  Zealot  
  86  9:46  Zealot x3  
  86  9:52  Gateway  
  94  9:53  Gateway  
  94  9:57  Pylon  
  94  9:59  Pylon  
  93  10:12  Zealot x2  
  93  10:13  Zealot x2  
  89  10:36  Extended Thermal Lance  
  89  10:40  Probe x2  
  91  10:46  Probe  
  92  10:52  Probe x2, Zealot x4  
  92  10:54  Colossus x2  
  114  10:58  Probe  
  114  11:04  Probe x2  
  117  11:10  Probe  
  118  11:28  Pylon  
  118  11:36  Stalker x5  
  118  11:37  Stalker  
  130  12:03  Colossus  
  136  12:10  Assimilator, Pylon  
  136  12:11  Assimilator  
  136  12:14  Probe x3  
  139  12:27  Colossus  
  145  12:37  Stalker  
  145  12:38  Stalker  
  113  13:24  Colossus  
  119  13:30  Pylon  
  119  13:32  Pylon  
  119  13:37  Zealot x2  
  119  13:38  Zealot x4  
  131  13:42  Colossus  
  137  14:00  Stalker x3  
  110  14:22  Stalker x3  
  112  14:35  Colossus  
  106  14:41  Colossus  
  106  14:43  Stalker  
  106  15:04  Stalker  
  106  15:05  Zealot x2  
  106  15:06  Zealot x3  
  90  15:35  Zealot x6  
  98  15:40  Colossus x2  
  102  16:24  Zealot x6  
  114  16:33  Probe x3  
  117  16:44  Robotics Facility  
Tags
 
Add a new tag
Caveats
  • Supply blocks, unpowered buildings, or Contaminate may cause inaccurate times.
  • Supply counts are checked every 10 seconds.